 Dungeon Crawl Stone Soup version 0.30-a0-570-g486de37d69 (webtiles) character file.

Game seed: 16729883895546266620

616004 archydragon the Conqueror (level 26, -4/212 HPs)
             Began as a Minotaur Gladiator on Dec 29, 2022.
             Was a High Priest of Okawaru.
             Slain by a death cob (9 damage)
             ... on level 5 of the Realm of Zot.
             The game lasted 03:29:39 (64098 turns).

archydragon the Conqueror (Minotaur Gladiator)     Turns: 64098, Time: 03:29:40

Health: -4/212     AC: 35    Str: 32      XL:     26   Next: 37%
Magic:  22/22      EV: 20    Int: 12 (14) God:    Okawaru [*****.]
Gold:   3055       SH: 29    Dex: 22      Spells: 25/25 levels left

rFire   + + +      SeeInvis +    O - +9 broad axe of Mordant Judgement {venom, rF+}
rCold   + + +      Faith    .    e - +5 kite shield {rF+}
rNeg    + + .      Spirit   .    A - +7 crystal plate armour of the Valley of Death {Regen+ Dex+2}
rPois   +          Reflect  +    (helmet unavailable)
rElec   +          Harm     .    M - scarf {rC+ rF+}
rCorr   .          Rampage  .    j - +5 pair of gloves of the Elephant {rPois Int+3}
Will    +....      Rage     3%   l - +1 pair of boots of the Harp {rF- Regen+ Slay+3 SInv} Stlth Rnd*Tele +
                                 K - amulet "Arethruwn" {Reflect Drain rElec rF+ Int+2 SH+5}
HPRegen 2.15/turn                G - ring "Morewniu" {+Blink Fly rC++ rN+ Int+4}
MPRegen 0.18/turn                f - ring of Loiphuept {rN+ Str+3 Dex+6 Stlth+}

@: marked, on berserk cooldown, flying, slowed, studying Evocations, unable to
read, unable to drink, very slow
A: horns 3, retaliatory headbutt, see invisible, berserk 1, deformed body, frail
2, low MP 1, sense surroundings 1, screaming 1, teleportitis 1, evolution 1,
subdued magic 1, inability to drink after injury 2, inability to read after
injury 2
}: 4/15 runes: serpentine, barnacled, slimy, silver
a: Renounce Religion, Evoke Blink, Heroism, Finesse, Duel


You were on level 5 of the Realm of Zot.
You worshipped Okawaru.
Okawaru was extremely pleased with you.
You visited 13 branches of the dungeon, and saw 56 of its levels.
You also visited: Volcano.

You collected 7439 gold pieces.
You spent 4384 gold pieces at shops.

Inventory:

Hand Weapons
 y - the +8 war axe of the Wheel {holy, Dex+3}
   (You found it on level 5 of the Pits of Slime)

   It has been blessed by the Shining One to cause great damage to the undead
   and demons.
   Dex:       It affects your dexterity (+3).
 O - the +9 broad axe of Mordant Judgement (weapon) {venom, rF+}
   (Okawaru gifted it to you on level 5 of the Lair of Beasts)

   It poisons the flesh of those it strikes.
   rF:        It protects you from fire.
Missiles
 u - 5 javelins (quivered)
 D - 103 stones
 H - 6 atropa-tipped darts
 U - 2 poisoned darts
 V - 3 curare-tipped darts
 X - 5 datura-tipped darts
 Z - 3 silver javelins
Armour
 e - a +5 kite shield of fire resistance (worn)
 j - the +5 pair of gloves of the Elephant (worn) {rPois Int+3}
   (Okawaru gifted it to you on level 5 of the Lair of Beasts)

   Int:       It affects your intelligence (+3).
   rPois:     It protects you from poison.
 l - the +1 pair of boots of the Harp (worn) {rF- Regen+ Slay+3 SInv}
   (Okawaru gifted it to you on level 3 of the Snake Pit)

   Slay:      It affects your accuracy & damage with ranged weapons and melee
   (+3).
   rF:        It makes you vulnerable to fire.
   SInv:      It lets you see invisible.
   Regen:     It increases your rate of health regeneration.
 o - a +3 kite shield of reflection
 A - the +7 crystal plate armour of the Valley of Death (worn) {Regen+ Dex+2}
   (You bought it in a shop on level 2 of the Orcish Mines)

   Dex:       It affects your dexterity (+2).
   Regen:     It increases your rate of health regeneration.
 F - the +13 plate armour of the Eternal Void {rElec rPois Str+4}
   (Okawaru gifted it to you on level 3 of the Depths)

   Str:       It affects your strength (+4).
   rElec:     It insulates you from electricity.
   rPois:     It protects you from poison.
 M - a scarf of resistance (worn)
Jewellery
 d - the amulet of the Four Winds {rN+ Will+++ Clar}
   (You took it off an ironbound preserver on level 5 of the Vaults)

   [amulet of nothing]

   rN:        It protects you from negative energy.
   Clar:      It protects you against confusion.
   Will:      It greatly increases your willpower.
 f - the ring of Loiphuept (right hand) {rN+ Str+3 Dex+6 Stlth+}
   (You bought it in a shop on level 8 of the Dungeon)

   [ring of dexterity]

   Str:       It affects your strength (+3).
   Dex:       It affects your dexterity (+6).
   rN:        It protects you from negative energy.
   Stlth:     It makes you more stealthy.
 G - the ring "Morewniu" (left hand) {+Blink Fly rC++ rN+ Int+4}
   (You took it off a deep elf zephyrmancer on level 1 of the Elven Halls)

   [ring of positive energy]

   Int:       It affects your intelligence (+4).
   rC:        It greatly protects you from cold.
   rN:        It protects you from negative energy.
   Fly:       It grants you flight.
   +Blink:    It lets you blink.
 K - the amulet "Arethruwn" (around neck) {Reflect Drain rElec rF+ Int+2 SH+5}
   (You took it off a deep elf blademaster on level 1 of the Elven Halls)

   [amulet of reflection]

   It reflects blocked missile attacks.
   Int:       It affects your intelligence (+2).
   rF:        It protects you from fire.
   rElec:     It insulates you from electricity.
   Drain:     It drains your maximum health when unequipped.
   SH:        It affects your SH (+5).
 L - the ring "Funaosuo" {rF+ Will+ Int-5 Dex+3}
   (You found it on level 1 of the Realm of Zot)

   [ring of protection from fire]

   Int:       It affects your intelligence (-5).
   Dex:       It affects your dexterity (+3).
   rF:        It protects you from fire.
   Will:      It increases your willpower.
 Y - an amulet of guardian spirit
Wands
 s - a wand of polymorph (23)
 v - a wand of digging (12)
 x - a wand of mindburst (15)
 z - a wand of paralysis (53)
 J - a wand of roots (47)
 P - a wand of flame (49)
Scrolls
 a - 14 scrolls of amnesia
 c - a scroll of brand weapon
 i - 11 scrolls of teleportation
 m - 3 scrolls of silence
 n - 10 scrolls of fear
 q - 2 scrolls of blinking
 t - 9 scrolls of fog
 w - 9 scrolls of magic mapping
 E - 5 scrolls of enchant armour
 I - 10 scrolls of enchant weapon
 Q - 3 scrolls of poison
 S - 38 scrolls of identify
Potions
 b - 4 potions of berserk rage
 g - 13 potions of flight
 h - 4 potions of resistance
 k - 23 potions of curing
 p - 11 potions of brilliance
 r - 6 potions of invisibility
 B - 7 potions of haste
 C - 7 potions of might
 N - 2 potions of magic
 R - 2 potions of heal wounds
 T - 3 potions of ambrosia


   Skills:
 O Level 27 Fighting
 + Level 24.5 Axes
 + Level 23.1 Throwing
 + Level 18.4 Armour
 * Level 20.8 Dodging
 - Level 2.0 Stealth
 + Level 24.5 Shields
 - Level 3.4 Invocations
 + Level 0.5 Evocations


You had 25 spell levels left.
You didn't know any spells.
Your spell library contained the following spells:

 Spells                   Type           Power      Damage    Failure   Level
 Apportation              Tloc           0%         N/A       98%         1
 Foxfire                  Conj/Fire      0%         2x1d4     98%         1
 Freeze                   Ice            0%         1d3       98%         1
 Magic Dart               Conj           0%         1d3       98%         1
 Necrotise                Necr           0%         1d4       98%         1
 Sandblast                Erth           0%         2d4       98%         1
 Slow                     Hex            0%         N/A       98%         1
 Sting                    Tmut/Pois      0%         1d3       98%         1
 Blink                    Tloc           0%         N/A       99%         2
 Cigotuvi's Dreadful Rot  Necr/Pois/Air  0%         N/A       99%         2
 Ensorcelled Hibernation  Hex/Ice        0%         N/A       99%         2
 Passwall                 Tmut/Erth      0%         N/A       99%         2
 Poisonous Vapours        Pois/Air       0%         N/A       99%         2
 Scorch                   Fire           0%         2d5       99%         2
 Dazzling Flash           Conj/Hex       0%         N/A       100%        3
 Frozen Ramparts          Ice            0%         1d1       100%        3
 Hailstorm                Conj/Ice       0%         3d3       100%        3
 Ignite Poison            Fire/Tmut/Pois 0%         N/A       100%        3
 Inner Flame              Hex/Fire       0%         N/A       100%        3
 Kindle Blastsparks       Fire/Tloc/Air  0%         2d10      100%        3
 Mephitic Cloud           Conj/Pois/Air  0%         N/A       100%        3
 Ozocubu's Armour         Ice            0%         N/A       100%        3
 Stone Arrow              Conj/Erth      0%         3d7       100%        3
 Vampiric Draining        Necr           0%         2d6       100%        3
 Vhi's Electric Charge    Tloc/Air       0%         N/A       100%        3
 Anguish                  Hex/Necr       0%         N/A       100%        4
 Flame Wave               Conj/Fire      0%         2d4       100%        4
 Ice Form                 Ice/Tmut       0%         N/A       100%        4
 Manifold Assault         Tloc           0%         N/A       100%        4
 Olgreb's Toxic Radiance  Pois           0%         N/A       100%        4
 Petrify                  Tmut/Erth      0%         N/A       100%        4
 Sticky Flame             Conj/Fire      0%         2d3       100%        4
 Agony                    Necr           0%         N/A       100%        5
 Alistair's Intoxication  Tmut/Pois      0%         N/A       100%        5
 Blade Hands              Tmut           0%         N/A       100%        5
 Fireball                 Conj/Fire      0%         3d3       100%        5
 Freezing Cloud           Conj/Ice/Air   0%         6-21      100%        5
 Iskenderun's Battlesphe  Conj           0%         2d6       100%        5
 Metabolic Englaciation   Hex/Ice        0%         N/A       100%        5
 Yara's Violent Unravell  Hex/Tmut       0%         3d3       100%        5
 Conjure Ball Lightning   Conj/Air       0%         3x3d6     100%        6
 Dispersal                Tloc           0%         N/A       100%        6
 Eringya's Noxious Bog    Tmut/Pois      0%         N/A       100%        6
 Iron Shot                Conj/Erth      0%         9d1       100%        6
 Starburst                Conj/Fire      0%         6d3       100%        6
 Statue Form              Tmut/Erth      0%         N/A       100%        6
 Orb of Destruction       Conj           0%         9d5       100%        7
 Ozocubu's Refrigeration  Ice            0%         4d7       100%        7
 Storm Form               Tmut/Air       0%         N/A       100%        7
 Discord                  Hex            0%         N/A       100%        8
 Disjunction              Tloc           0%         N/A       100%        8
 Chain Lightning          Conj/Air       0%         N/A       100%        9
 Fire Storm               Conj/Fire      0%         5d1       100%        9
 Polar Vortex             Ice            0%         N/A       100%        9
 Call Imp                 Summ           Unusable   N/A       N/A         2
 Summon Guardian Golem    Hex/Summ       Unusable   N/A       N/A         3
 Tukima's Dance           Hex            Unusable   N/A       N/A         3
 Animate Armour           Summ/Erth      Unusable   N/A       N/A         4
 Simulacrum               Ice/Necr       Unusable   N/A       N/A         6
 Summon Cactus Giant      Summ           Unusable   N/A       N/A         6
 Spellforged Servitor     Conj/Summ      Unusable   N/A       N/A         7

Dungeon Overview and Level Annotations

Branches:
Dungeon (15/15)            Temple (1/1) D:5            Lair (5/5) D:9
 Shoals (4/4) Lair:3        Snake (4/4) Lair:3        Slime (5/5) Lair:4
    Orc (2/2) D:10            Elf (2/3) Orc:2        Vaults (5/5) D:14
  Crypt (3/3) Vaults:2       Tomb (1/3) Crypt:3      Depths (4/4) D:15
    Zot (5/5) Depths:4    Volcano (visited)

Altars:
Ashenzari
Cheibriados
Dithmenos
Elyvilon
Fedhas
Gozag
Hepliaklqana
Kikubaaqudgha
Makhleb
Nemelex Xobeh
Okawaru
Qazlal
Ru
Sif Muna
Trog
Uskayaw
Vehumet
Wu Jian
Xom
Yredelemnul
Zin
The Shining One
Jiyva

Shops:
D:8 =:   Orc:2 [:??   Elf:2 !   Shoals:1 *   Shoals:3 *   Snake:2 ?   Snake:4 (
Vaults:1 [   Vaults:3 [   Vaults:5 :   Depths:2 (   Depths:4 =:=

Portals:
Hell: Depths:1 Depths:3 Depths:4
Abyss: Depths:3
Pandemonium: Depths:2
Ziggurat: Depths:4
Trove: D:11 (give 2 scrolls of acquirement)

Annotations:
D:4 Blork the orc
D:12 3 transporters
Shoals:4 exclusion: oklob plant
Vaults:2 exclusion: obsidian statue
Vaults:4 3 runed translucent doors, Poyn's ghost, adept DEVM
Zot:2 Vv


Innate Abilities, Weirdness & Mutations

You have a pair of large horns on your head.
You reflexively headbutt those who attack you in melee.
You have supernaturally acute eyesight. (SInv)
You sometimes lose your temper in combat.
Armour fits poorly on your strangely shaped body.
You are very frail. (-20% HP)
Your magical capacity is low. (-10% MP)
You passively map a small area around you.
You occasionally shout uncontrollably at your foes.
You are occasionally teleported next to monsters.
You have hidden genetic potential.
Your spells are a little easier to cast, but a little less powerful.
You sometimes lose the ability to drink potions when taking damage.
You sometimes lose the ability to read scrolls when taking damage.


Message History

You completely miss the orb of fire. You slash the Killer Klown!
The Killer Klown looks as sick as possible!
You slice the white draconian!!
The white draconian looks as sick as possible!
You slice the death cob!! You completely miss the death cob.
You hit the electric golem. You block the death cob's attack. x2
The death cob closely misses you. You furiously retaliate!
You headbutt the death cob!!
The orb of fire glows yellow.
The bolt of fire hits you! You resist.
* * * LOW HITPOINT WARNING * * *
The death cob barely misses you. You furiously retaliate!
You headbutt the death cob!
The electric golem hits you but does no damage. x2
You block the electric golem's attack. The electric golem closely misses you.
The Killer Klown blinks!
You block the death cob's attack.
The Killer Klown blinks! x2
The storm dragon breathes lightning at you.
The bolt of lightning misses the electric golem.
The bolt of lightning misses you. The white draconian misses you.
You furiously retaliate!
You headbutt the white draconian!
The death cob hits you but does no damage.
The moth of wrath goads the Orb Guardian on!
The Orb Guardian goes berserk!
The electric golem hits you but does no damage.
The electric golem closely misses you. You block the electric golem's attack.
The electric golem hits you but does no damage.
You cannot drink potions in your current state!
You cannot read scrolls in your current state!
You slice the orb of fire!! You headbutt the orb of fire!!
The orb of fire is moderately damaged.
You slice the death cob!! You slash the death cob!
You slice the electric golem!! You slash the white draconian!
The white draconian looks as sick as possible!
You kill the white draconian!
Okawaru accepts your kill. Okawaru grants you throwing weapons!
Something appears at your feet! You block the death cob's attack. x3
The death cob hits you!
You die...

,, , #..^..... , , , *
#((.((... , , ,
......... , ,
..####### * , , , , ,
, , .##▓▓▓▓▓▓▓▓** ,
.D......z.▓▓▓▓ ,
......§@zX...▓##
,,......X*9.f....## ,
..^)....zD.f....# ▓▓
........○f..y...▓ ▓..
, ,
..^.........f.p.▓▓.y.,
* .......p.....D..▓...
.......§...^..p^.y.
,................▓.§ ,
, ......§....§§.▓*.


You could see an orb of fire, 3 Killer Klowns, an electric golem, a shadow
dragon, a storm dragon (catching breath), a curse toe, 2 death cobs, a
quicksilver dragon, 2 Orb Guardians, a deathcap (summoned), a moth of wrath and
3 wandering mushrooms.

Vanquished Creatures
  the Royal Jelly (Slime:5)
  3 dread liches
  3 ancient liches
  An orb of fire (Zot:3)
  Mennas (Crypt:1)
  2 royal mummies (Tomb:1)
  A Killer Klown (Zot:4)
  Saint Roka (Crypt:1)
  8 caustic shrikes (Depths:4)
  3 curse toes
  3 bone dragons (Zot:1)
  6 golden dragons
  Jory (Vaults:3)
  An electric golem (Zot:3)
  A Tzitzimitl (Zot:1)
  Rupert (D:15)
  2 doom hounds (Zot:1)
  10 tentacled monstrosities
  11 Orb Guardians (Zot:5)
  5 liches
  The ghost of Xtruder99 the Timeless, an adept GnHu of Cheibriados (Shoals:4)
  Grunn (Zot:1)
  3 titans
  The ghost of Douf the Warrior, an adept MiBe of Trog (Snake:1)
  3 krakens
  4 quicksilver dragons
  2 deep elf blademasters
  14 acid blobs
  8 sphinxes
  3 ancient champions
  Gastronok (Orc:1)
  Frances (Elf:1)
  The ghost of Dittersdorf the Severer, an adept MiBe of Trog (Snake:1)
  2 death cobs
  The ghost of Sagen the Devastator, an adept DrCj of Vehumet (Snake:1)
  6 shadow dragons
  12 storm dragons
  2 revenants
  6 tengu reavers
  2 draconian monks
  14 azure jellies
  8 frost giants
  6 fire giants
  8 rockslimes
  3 nagarajas
  The ghost of Maud the Impaler, a journeyman MiFi of Okawaru (Snake:1)
  3 deep elf sorcerers
  An iron dragon (Depths:3)
  3 ghost moths
  4 draconian knights
  16 vault wardens
  4 draconian scorchers
  A balrug (Depths:1)
  28 ironbound preservers
  3 juggernaut zombies
  3 orc warlords
  5 draconian shifters
  A curse skull (Crypt:3)
  A caustic shrike skeleton (Crypt:2)
  4 draconian stormcallers
  3 ghouls (Crypt:1)
  11 stone giants
  5 draconian annihilators
  6 war gargoyles
  10 very ugly things
  5 reapers
  7 quicksilver oozes
  Nessos (D:15)
  A deep elf demonologist (Vaults:5)
  5 green draconians
  11 black draconians
  10 ironbound thunderhulks
  24 vampire knights
  6 dire elephants
  Azrael (D:13)
  7 purple draconians
  10 yellow draconians
  10 red draconians
  8 white draconians
  2 spark wasps (Depths:4)
  A deep elf annihilator (Elf:1)
  5 eidola
  12 ettins
  Snorg (D:14)
  A quicksilver dragon zombie (Depths:1)
  A deep elf death mage (Vaults:5)
  7 mummy priests (Tomb:1)
  17 merfolk impalers
  Josephine (D:10)
  13 jiangshi
  6 merfolk javelineers
  4 fire dragons
  10 yaktaur captains
  3 deep elf high priests
  14 great orbs of eyes
  An elf skeleton (Crypt:1)
  5 salamander tyrants
  37 vault guards
  Fannar (D:11)
  7 hydras
  Harold (D:10)
  2 peacekeepers
  2 spriggan air magi (Depths:3)
  5 ice dragons
  7 anacondas
  4 ogre magi
  2 death knights (Crypt:1)
  3 ghost crabs (Shoals:2)
  5 merfolk aquamancers
  118 slime creatures
  7 centaur warriors
  2 catoblepae (Lair:5)
  15 two-headed ogres
  8 boulder beetles
  6 merfolk avatars
  3 satyrs
  An ironbound frostheart (Vaults:1)
  Erica (D:8)
  6 death scarabs (Tomb:1)
  2 alligator snapping turtles (Shoals:4)
  9 deep troll earth magi
  18 naga warriors
  6 tengu warriors
  5 orc high priests
  14 vampire magi
  9 deep troll shamans
  30 dancing weapons
  The ghost of Netaeli the Spriggan Cataclysm, a journeyman SpVM of Qazlal (D:12)
  5 spriggan berserkers
  19 naga sharpshooters
  18 death yaks
  14 deep elf knights
  A titan zombie (Crypt:1)
  A quicksilver ooze zombie (Crypt:3)
  11 hell knights
  4 shock serpents
  A shock serpent (shapeshifter) (D:13)
  A titan skeleton (Vaults:3)
  Sonja (Lair:4)
  Nergalle (D:12)
  6 iron trolls
  A sun demon (Depths:2)
  3 soul eaters
  2 shadow wraiths
  5 salamander mystics
  2 fire crabs (shapeshifter)
  17 sea snakes
  40 skeletal warriors
  A bunyip zombie (Crypt:3)
  3 glowing orange brains
  11 deep elf archers (Elf:1)
  4 flayed ghosts
  63 deep trolls
  An iron giant skeleton (Crypt:3)
  8 large abominations (Depths:3)
  6 wizards
  2 kraken simulacra (Shoals:4)
  16 lindwurms
  A bog body (Crypt:1)
  3 spriggan simulacra (Elf:2)
  9 orc knights
  5 harpies (Shoals:1)
  2 bunyip skeletons (Crypt:2)
  2 anaconda zombies (Crypt:3)
  7 naga ritualists
  21 necromancers
  18 ironbound convokers
  27 phantasmal warriors
  A wolf spider (Vaults:5)
  25 deep elf pyromancers
  A broodmother zombie (Crypt:1)
  25 deep elf zephyrmancers
  A jorogumo zombie (Crypt:3)
  8 orc sorcerers
  26 ugly things
  4 stone giant zombies
  A mana viper (shapeshifter) (Vaults:5)
  A tengu skeleton (D:15)
  7 fauns
  8 shining eyes
  A frost giant zombie (Depths:1)
  5 mana vipers
  11 cyclopes
  A salamander (shapeshifter) (D:13)
  10 manticores
  13 moths of wrath
  2 centaur zombies
  26 salamanders
  An eleionoma skeleton (Crypt:2)
  13 merfolk sirens
  4 elephants (Lair:5)
  21 vault sentinels
  12 naga magi
  A dire elephant zombie (Tomb:1)
  7 water nymphs
  6 guardian serpents
  An orange demon (Depths:2)
  A spectral sea snake (Shoals:2)
  45 black mambas
  4 smoke demons
  An elephant slug zombie (Crypt:3)
  An eye of devastation (Slime:5)
  A gargoyle (D:13)
  A naga skeleton (Crypt:2)
  9 cane toads
  An unseen horror zombie (Crypt:2)
  2 human zombies
  2 unseen horrors
  2 spectral merfolk (Shoals:2)
  An efreet (D:14)
  3 freezing wraiths
  4 kobold demonologists
  6 komodo dragons
  3 rime drakes
  A rime drake (shapeshifter) (Elf:1)
  6 tengu conjurers
  A grey draconian zombie (Crypt:2)
  14 yaktaurs
  An alligator snapping turtle skeleton (Crypt:2)
  An anaconda simulacrum (Crypt:2)
  A bunyip simulacrum (Crypt:3)
  9 guardian mummies
  3 polar bears
  2 harpy zombies (Crypt:3)
  4 trolls
  4 red devils (Elf:1)
  28 merfolk
  3 hornets
  A wolf spider simulacrum (D:14)
  4 wind drakes
  2 ettin zombies
  A harpy skeleton (Crypt:3)
  A merfolk (shapeshifter) (Vaults:5)
  10 blink frogs
  A dream sheep (shapeshifter) (Vaults:5)
  A satyr zombie (Crypt:1)
  5 spriggan zombies
  7 dream sheep
  A blink frog (shapeshifter) (D:15)
  2 spectral manticores (Shoals:2)
  2 snapping turtles
  2 air elementals
  20 flying skulls
  A stone giant simulacrum (Vaults:3)
  2 black mamba zombies
  An ettin skeleton (Vaults:3)
  3 spriggans
  2 shadows
  2 ushabtiu (Tomb:1)
  3 dire elephant simulacra
  51 yaks
  A wind drake zombie (Crypt:2)
  11 wraiths
  3 wyverns
  4 basilisks
  5 golden eyes (Slime:5)
  22 water elementals
  7 fire elementals
  6 vampire mosquitoes
  5 chaos spawn
  Edmund (D:5)
  7 wargs
  A minotaur simulacrum (Elf:2)
  5 steam dragons
  A harpy simulacrum (Crypt:2)
  2 tengu zombies
  A water nymph zombie (Crypt:1)
  2 acid dragons
  32 nagas
  A naga zombie (Crypt:1)
  23 water moccasins
  A glowing shapeshifter skeleton (D:15)
  A spectral snapping turtle (Shoals:2)
  2 hell hounds (D:13)
  A snapping turtle zombie (Crypt:2)
  A manticore zombie (Crypt:1)
  20 orc warriors
  4 ice beasts
  An ettin simulacrum (Depths:1)
  2 black bears
  16 centaurs
  11 ogres
  A blink frog zombie (Crypt:1)
  A rime drake zombie (Crypt:3)
  17 wolves
  A phantom (D:5)
  6 kobold brigands
  11 bullfrogs
  3 earth elementals
  2 scorpions
  A gnoll sergeant (Orc:1)
  2 deep troll simulacra (Elf:2)
  A glowing shapeshifter simulacrum (Vaults:3)
  5 wights
  A raiju zombie (Crypt:2)
  2 yak skeletons (Crypt:3)
  2 electric eels
  3 howler monkeys
  3 hounds
  A black bear zombie (Crypt:2)
  A gnoll bouda (D:6)
  11 orc priests
  3 jellies
  Jessica (D:3)
  2 human skeletons (Crypt:1)
  4 iguanas
  24 orc wizards
  A black bear skeleton (Crypt:1)
  3 small abominations (Depths:3)
  12 mummies
  15 gnolls
  9 adders
  3 white imps
  3 ufetubi
  A worm zombie (Crypt:3)
  A worm (D:2)
  2 dart slugs
  54 orcs
  5 ball pythons
  10 endoplasms
  3 giant cockroaches (D:1)
  6 goblins
  6 hobgoblins
  12 jackals
  6 quokkas
  11 bats
  5 frilled lizards
  A jackal skeleton (Crypt:1)
  28 kobolds
  4 rats
  14 tentacles
2258 creatures vanquished.

Vanquished Creatures (others)
  A tentacled monstrosity (Zot:4)
  A draconian knight (Zot:4)
  A red draconian (Zot:2)
  A green death (Depths:2)
  A merfolk javelineer (Shoals:2)
  A spectral kraken (Shoals:2)
  A deep elf zephyrmancer (Elf:1)
  A komodo dragon (Lair:5)
  4 merfolk (Shoals:2)
  An ogre (Vaults:5)
  A kobold (D:8)
  15 fungi
  166 plants
  19 tentacles
  10 withered plants
224 creatures vanquished.

Grand Total: 2482 creatures vanquished

Notes
Turn   | Place    | Note
-------+----------+-------------------------------------------
     0 | D:1      | archydragon the Minotaur Gladiator began the quest for the
                  | Orb.
     0 | D:1      | Reached XP level 1. HP: 18/18 MP: 0/0
    75 | D:1      | Reached XP level 2. HP: 25/25 MP: 1/1
   196 | D:1      | Reached XP level 3. HP: 27/30 MP: 2/2
   912 | D:2      | Reached skill level 3 in Fighting
  1023 | D:2      | Reached skill level 1 in Armour
  1023 | D:2      | Reached XP level 4. HP: 38/38 MP: 3/3
  1281 | D:2      | You fall into a shaft and drop 1 floor!
  1351 | D:2      | Reached skill level 5 in Axes
  2044 | D:3      | Noticed Jessica
  2174 | D:3      | Reached XP level 5. HP: 33/45 MP: 4/4
  2308 | D:3      | Identified the +10 quarterstaff of the Sun {heavy, rC+
                  | Will+ Dex+4}
  2315 | D:3      | Killed Jessica
  2458 | D:3      | Reached skill level 4 in Fighting
  2637 | D:3      | Found a faded altar of an unknown god.
  2945 | D:4      | Noticed a water moccasin
  2956 | D:4      | Reached XP level 6. HP: 36/53 MP: 5/5
  3158 | D:5      | Entered Level 5 of the Dungeon
  3289 | D:5      | Noticed Edmund
  3317 | D:4      | Reached skill level 5 in Fighting
  3421 | D:4      | Reached XP level 7. HP: 26/61 MP: 6/6
  4056 | D:4      | Reached skill level 1 in Shields
  4067 | D:4      | Noticed Blork the orc
  4086 | D:4      | Found a shimmering blue altar of Sif Muna.
  4295 | D:5      | Found a staircase to the Ecumenical Temple.
  4304 | Temple   | Entered the Ecumenical Temple
  4371 | Temple   | Became a worshipper of Warmaster Okawaru
  5167 | D:5      | Identified the +2 dagger "Weocw" {antimagic, *Rage rN+
                  | Will+}
  5261 | D:5      | Killed Edmund
  5641 | D:6      | Reached skill level 6 in Fighting
  5641 | D:6      | Reached XP level 8. HP: 64/70 MP: 7/7
  5815 | D:6      | Identified the +0 leather armour "Quampa" {rElec rC+ Str+4
                  | Dex+4}
  5983 | D:6      | Got the Codex of the Seventy-Seven Dances
  6000 | D:6      | Reached skill level 5 in Armour
  6112 | D:6      | Reached * piety under Okawaru
  6463 | D:7      | Found a blossoming altar of Fedhas.
  6673 | D:7      | Reached skill level 7 in Fighting
  6713 | D:7      | Reached skill level 5 in Throwing
  6880 | D:7      | Reached XP level 9. HP: 77/79 MP: 8/8
  6897 | D:7      | Reached ** piety under Okawaru
  7372 | D:8      | Noticed Erica
  7381 | D:8      | Killed Erica
  7402 | D:8      | Reached skill level 8 in Fighting
  7504 | D:8      | Found Ydawuef's Jewellery Shoppe.
  7576 | D:8      | Gained mutation: You are frail. (-10% HP) [potion of
                  | mutation]
  7576 | D:8      | Gained mutation: You occasionally lose the ability to drink
                  | potions when taking damage. [potion of mutation]
  7576 | D:8      | Gained mutation: You are covered in fur. (AC +1) [potion of
                  | mutation]
  7576 | D:8      | Gained mutation: You are agile. (Dex +4, Str/Int -1)
                  | [potion of mutation]
  7577 | D:8      | Lost mutation: You are frail. (-10% HP) [potion of
                  | mutation]
  7577 | D:8      | Lost mutation: You are covered in fur. (AC +1) [potion of
                  | mutation]
  7577 | D:8      | Lost mutation: You occasionally lose the ability to drink
                  | potions when taking damage. [potion of mutation]
  7577 | D:8      | Lost mutation: You are agile. (Dex +4, Str/Int -1) [potion
                  | of mutation]
  7703 | D:8      | Reached skill level 10 in Axes
  7986 | D:8      | Found Ubuu's Book Shop.
  8615 | D:9      | Noticed a two-headed ogre
  8621 | D:9      | Killed a two-headed ogre
  8621 | D:9      | Reached *** piety under Okawaru
  8622 | D:9      | Reached XP level 10. HP: 78/90 MP: 9/9
  8670 | D:9      | Gained mutation: You occasionally lose the ability to read
                  | scrolls when taking damage. [potion of mutation]
  8670 | D:9      | Gained mutation: Your muscles are strong. (Str +4, Int/Dex
                  | -1) [potion of mutation]
  8670 | D:9      | Gained mutation: Your system is resistant to poisons.
                  | (rPois) [potion of mutation]
  8671 | D:9      | Lost mutation: Your system is resistant to poisons. (rPois)
                  | [potion of mutation]
  8671 | D:9      | Lost mutation: Your muscles are strong. (Str +4, Int/Dex
                  | -1) [potion of mutation]
  8671 | D:9      | Lost mutation: You occasionally lose the ability to read
                  | scrolls when taking damage. [potion of mutation]
  8671 | D:9      | Gained mutation: Your muscles are strong. (Str +4, Int/Dex
                  | -1) [potion of mutation]
  8671 | D:9      | Gained mutation: You are dopey. (Int -2) [potion of
                  | mutation]
  8732 | D:9      | Found a radiant altar of Vehumet.
  8740 | D:9      | Found a sparkling altar of Nemelex Xobeh.
  8740 | D:9      | Found a stormy altar of Qazlal.
  8740 | D:9      | Found a sacrificial altar of Ru.
  8753 | D:9      | Identified the +1 plate armour "Notu Fexu" {*Slow rCorr
                  | Int+3 Slay+6}
  8822 | D:9      | Reached skill level 1 in Stealth
  8979 | D:9      | Found a staircase to the Lair.
  9190 | D:9      | Noticed a rust devil
  9190 | D:9      | Reached **** piety under Okawaru
  9191 | D:9      | Reached skill level 9 in Fighting
  9716 | D:10     | Entered Level 10 of the Dungeon
  9814 | D:10     | Found a staircase to the Orcish Mines.
  9949 | D:10     | Received a gift from Okawaru
  9976 | D:10     | Noticed Josephine
  9982 | D:10     | Killed Josephine
 10177 | D:10     | Reached XP level 11. HP: 87/99 MP: 10/10
 10190 | D:10     | Reached skill level 10 in Fighting
 10387 | D:10     | Found a glowing golden altar of the Shining One.
 10598 | Lair:1   | Entered Level 1 of the Lair of Beasts
 10602 | Lair:1   | Reached skill level 5 in Shields
 10656 | Lair:1   | Reached ***** piety under Okawaru
 10760 | Lair:1   | Lost mutation: You are dopey. (Int -2) [potion of mutation]
 10760 | Lair:1   | Lost mutation: Your muscles are strong. (Str +4, Int/Dex
                  | -1) [potion of mutation]
 10760 | Lair:1   | Gained mutation: You have supernaturally acute eyesight.
                  | (SInv) [potion of mutation]
 10760 | Lair:1   | Gained mutation: You have a pair of large horns on your
                  | head. [potion of mutation]
 10871 | Lair:1   | Found a dark tunnel.
 10877 | Volcano  | Entered a volcano
 10925 | Volcano  | Received a gift from Okawaru
 10932 | Volcano  | Noticed a sun demon
 11992 | Lair:2   | Received a gift from Okawaru
 12012 | Lair:2   | Noticed a seven-headed hydra
 12024 | Lair:2   | Killed an 11-headed hydra
 12077 | Lair:2   | Reached skill level 11 in Fighting
 12081 | Lair:2   | Received a gift from Okawaru
 12231 | Lair:2   | Received a gift from Okawaru
 12234 | Lair:2   | Reached XP level 12. HP: 110/110 MP: 11/11
 12394 | Lair:2   | Reached skill level 10 in Throwing
 12528 | Lair:2   | Identified the +1 robe of Elitism {Dex+3} (Okawaru gifted
                  | it to you on level 2 of the Lair of Beasts)
 12528 | Lair:2   | Received a gift from Okawaru
 12533 | Lair:2   | Reached ****** piety under Okawaru
 12956 | Lair:3   | Found a staircase to the Snake Pit.
 12966 | Lair:3   | Reached skill level 10 in Armour
 13022 | Lair:3   | Reached skill level 12 in Fighting
 13047 | Lair:3   | Noticed a seven-headed hydra
 13064 | Lair:3   | Killed a 14-headed hydra
 13576 | Lair:3   | Found the +5 Lochaber axe {reach-cleave, poleaxe, Drain}
 13670 | Lair:3   | Found a staircase to the Shoals.
 14368 | Lair:4   | Found a staircase to the Slime Pits.
 14368 | Lair:4   | Found a viscous altar of Jiyva.
 14406 | Lair:4   | Noticed Sonja
 14410 | Lair:4   | Got the Vellum of the Zephyr and Frostbite
 14410 | Lair:4   | Killed Sonja
 14452 | Lair:4   | Noticed a death yak
 14452 | Lair:4   | Noticed a death yak
 14465 | Lair:4   | Killed a death yak
 14465 | Lair:4   | Received a gift from Okawaru
 14466 | Lair:4   | Killed a death yak
 14870 | Lair:4   | Reached XP level 13. HP: 117/119 MP: 12/12
 15185 | Lair:5   | Entered Level 5 of the Lair of Beasts
 15267 | Lair:5   | Identified the +9 broad axe of Mordant Judgement {venom,
                  | rF+} (Okawaru gifted it to you on level 5 of the Lair of
                  | Beasts)
 15267 | Lair:5   | Received a gift from Okawaru
 15341 | Lair:5   | Reached skill level 13 in Fighting
 15739 | Lair:5   | Received a gift from Okawaru
 15965 | Lair:5   | Reached skill level 15 in Axes
 15967 | Lair:5   | Identified the +5 pair of gloves of the Elephant {rPois
                  | Int+3} (Okawaru gifted it to you on level 5 of the Lair of
                  | Beasts)
 15967 | Lair:5   | Received a gift from Okawaru
 16423 | Lair:5   | Reached skill level 14 in Fighting
 16635 | Lair:5   | Reached XP level 14. HP: 93/132 MP: 13/13
 17263 | D:8      | Bought the ring of Loiphuept {rN+ Str+3 Dex+6 Stlth+} for
                  | 788 gold pieces
 17795 | D:11     | Found a portal to a secret trove of treasure.
 17837 | D:11     | Noticed Fannar
 17854 | D:11     | Killed Fannar
 17855 | D:11     | Reached skill level 5 in Dodging
 18301 | Orc:1    | Entered Level 1 of the Orcish Mines
 18304 | Orc:1    | Noticed Harold
 18309 | Orc:1    | Noticed Gastronok
 18310 | Orc:1    | Received a gift from Okawaru
 18329 | D:10     | Killed Harold
 18437 | Orc:1    | Killed Gastronok
 18828 | Orc:1    | Noticed an orc warlord
 18844 | Orc:1    | Killed an orc warlord
 18849 | Orc:1    | Reached skill level 15 in Fighting
 19090 | Orc:2    | Entered Level 2 of the Orcish Mines
 19099 | Orc:2    | Identified the +1 pair of boots "Cutyoneebb" {-Tele rPois
                  | rCorr Int+3} (Okawaru gifted it to you on level 2 of the
                  | Orcish Mines)
 19099 | Orc:2    | Received a gift from Okawaru
 19918 | Orc:2    | Found a staircase to the Elven Halls.
 20072 | Orc:2    | Found Zefotr Sirgh's Magic Scroll Shop.
 20072 | Orc:2    | Found Onypoacs's Magic Scroll Shoppe.
 20074 | Orc:2    | Found Murch's Armour Shop.
 20074 | Orc:2    | Found Xiom's Book Shoppe.
 20079 | Orc:2    | Bought a scroll of identify for 26 gold pieces
 20079 | Orc:2    | Bought a scroll of identify for 26 gold pieces
 20079 | Orc:2    | Bought a scroll of enchant weapon for 97 gold pieces
 20079 | Orc:2    | Bought a scroll of enchant weapon for 97 gold pieces
 20088 | Orc:2    | Bought a scroll of identify for 24 gold pieces
 20088 | Orc:2    | Bought a scroll of identify for 24 gold pieces
 20088 | Orc:2    | Bought a scroll of identify for 24 gold pieces
 20088 | Orc:2    | Bought a scroll of enchant armour for 90 gold pieces
 20263 | D:12     | Found a transporter.
 20264 | D:12     | Found a transporter.
 20314 | D:12     | Found a transporter.
 20569 | D:12     | Reached XP level 15. HP: 136/141 MP: 14/14
 20597 | D:12     | Found a transporter.
 20656 | D:12     | Noticed Nergalle
 20666 | D:12     | Killed Nergalle
 20814 | D:12     | Found a runed translucent gate.
 20814 | D:12     | Found a runed translucent gate.
 20815 | D:12     | Found a runed translucent gate.
 20815 | D:12     | Noticed Netaeli's ghost (journeyman SpVM)
 21245 | D:13     | Noticed Azrael
 21257 | D:13     | Killed Azrael
 21344 | D:13     | Received a gift from Okawaru
 21354 | D:13     | Received a gift from Okawaru
 21957 | D:14     | Found a flickering gateway to a bazaar.
 22087 | D:14     | Noticed Snorg
 22096 | D:14     | Killed Snorg
 22125 | D:14     | Identified the +7 halberd of Agony {antimagic, rCorr}
 22142 | D:14     | Found a sparkling altar of Nemelex Xobeh.
 22174 | D:14     | Identified the +0 kite shield "Evisar" {Harm Regen+ SInv
                  | Stlth-} (Okawaru gifted it to you on level 14 of the
                  | Dungeon)
 22174 | D:14     | Received a gift from Okawaru
 22260 | D:14     | Reached skill level 15 in Throwing
 22632 | D:14     | Found a gate to the Vaults.
 22741 | D:15     | Entered Level 15 of the Dungeon
 22913 | D:15     | Noticed Nessos
 22918 | D:15     | Killed Nessos
 22983 | D:15     | Found a staircase to the Depths.
 23139 | D:15     | Reached skill level 16 in Fighting
 23250 | D:15     | Noticed Rupert
 23268 | D:15     | Killed Rupert
 23434 | D:15     | Reached XP level 16. HP: 149/151 MP: 15/15
 24066 | Snake:1  | Entered Level 1 of the Snake Pit
 24958 | Snake:1  | Identified the +1 robe of the Hunter {rPois} (Okawaru
                  | gifted it to you on level 1 of the Snake Pit)
 24958 | Snake:1  | Received a gift from Okawaru
 25231 | Snake:1  | Found a runed translucent gate.
 25231 | Snake:1  | Found a runed translucent gate.
 25231 | Snake:1  | Found a runed translucent gate.
 25232 | Snake:1  | Noticed Dittersdorf's ghost (adept MiBe)
 25232 | Snake:1  | Noticed Sagen's ghost (adept DrCj)
 25232 | Snake:1  | Noticed Maud's ghost (journeyman MiFi)
 25232 | Snake:1  | Noticed Douf's ghost (adept MiBe)
 25973 | Snake:2  | Found Ylleakhlo's Magic Scroll Shoppe.
 25981 | Snake:2  | Bought a scroll of enchant armour for 120 gold pieces
 25981 | Snake:2  | Bought a scroll of acquirement for 832 gold pieces
 25981 | Snake:2  | Acquired 888 gold pieces
 26031 | Snake:2  | Reached skill level 10 in Shields
 27936 | Snake:3  | Reached skill level 10 in Dodging
 28252 | Snake:3  | Identified the +1 pair of boots of the Harp {rF- Regen+
                  | Slay+3 SInv} (Okawaru gifted it to you on level 3 of the
                  | Snake Pit)
 28252 | Snake:3  | Received a gift from Okawaru
 28795 | Snake:4  | Entered Level 4 of the Snake Pit
 28919 | Snake:4  | Reached skill level 17 in Fighting
 29047 | Snake:4  | Reached XP level 17. HP: 88/161 MP: 13/16
 29322 | Snake:4  | Received a gift from Okawaru
 29361 | Snake:4  | Received a gift from Okawaru
 29893 | Snake:4  | Found Xiume's Antique Weapon Shop.
 30050 | Snake:4  | Received a gift from Okawaru
 30063 | Snake:4  | Reached skill level 18 in Fighting
 30158 | Snake:4  | Got a serpentine rune of Zot
 30653 | Orc:2    | Bought the +7 crystal plate armour of the Valley of Death
                  | {Regen+ Dex+2} for 1177 gold pieces
 30899 | Shoals:1 | Entered Level 1 of the Shoals
 30944 | Shoals:1 | You fall into a shaft and drop 1 floor!
 30979 | Shoals:2 | Noticed a kraken
 30991 | Shoals:2 | Killed a kraken
 31426 | Shoals:1 | Found Egoira Aruo's Overcharged Wands.
 31430 | Shoals:1 | Received a gift from Okawaru
 32068 | Shoals:2 | Reached XP level 18. HP: 171/172 MP: 17/17
 32398 | Shoals:3 | Identified the +8 great sword "Moxzydw Qiec" {flame,
                  | Fragile rN+ Int+7 Stlth+}
 32917 | Shoals:3 | Found Apigo's General Store.
 32919 | Shoals:3 | Received a gift from Okawaru
 33385 | Shoals:4 | Entered Level 4 of the Shoals
 33462 | Shoals:4 | Found a bloodstained altar of Trog.
 33632 | Shoals:4 | Reached skill level 1 in Invocations
 33845 | Shoals:4 | Received a gift from Okawaru
 33846 | Shoals:4 | Reached skill level 19 in Fighting
 33869 | Shoals:4 | Identified the +3 scale mail of Dufed {-Tele rC++} (Okawaru
                  | gifted it to you on level 4 of the Shoals)
 33869 | Shoals:4 | Received a gift from Okawaru
 34005 | Shoals:4 | Identified the +9 bardiche of Hacking and Slashing {speed,
                  | Fly rN+ Int+4 Dex-5}
 34140 | Shoals:4 | Found a large runed translucent door.
 34141 | Shoals:4 | Found a large runed translucent door.
 34142 | Shoals:4 | Noticed Xtruder99's ghost (adept GnHu)
 34322 | Shoals:4 | Got a barnacled rune of Zot
 34528 | Shoals:3 | Bought a potion of curing for 51 gold pieces
 34528 | Shoals:3 | Bought a scroll of teleportation for 51 gold pieces
 34528 | Shoals:3 | Bought 2 datura-tipped darts for 13 gold pieces
 34802 | Elf:1    | Entered Level 1 of the Elven Halls
 35029 | Elf:1    | Paralysed by an air elemental for 1 turns
 35041 | Elf:1    | Noticed Frances
 35064 | Elf:1    | Killed Frances
 35669 | Elf:1    | Identified the ring of Reshra Akad {rF+ Str-3 Int+5 SInv}
 35672 | Elf:1    | Reached XP level 19. HP: 183/183 MP: 18/18
 35729 | Elf:1    | Identified the ring "Morewniu" {+Blink Fly rC++ rN+ Int+4}
 35731 | Elf:1    | Identified the ring of Yrghaijoo {Contam rF+ Will+ Int+9
                  | Dex-3}
 36129 | Elf:1    | Identified the amulet "Arethruwn" {Reflect Drain rElec rF+
                  | Int+2 SH+5}
 36311 | Elf:2    | Identified the +2 hand axe of Ciutezog {freeze, *Corrode
                  | rN++} (Okawaru gifted it to you on level 2 of the Elven
                  | Halls)
 36311 | Elf:2    | Received a gift from Okawaru
 36384 | Elf:2    | Found a runed translucent gate.
 36384 | Elf:2    | Found a runed translucent gate.
 36384 | Elf:2    | Found a runed translucent gate.
 36767 | Elf:2    | Found Qaemuet's Distillery.
 36771 | Elf:2    | Bought a potion of curing for 36 gold pieces
 36771 | Elf:2    | Bought a potion of heal wounds for 60 gold pieces
 36771 | Elf:2    | Bought a potion of heal wounds for 60 gold pieces
 36890 | Elf:2    | Found a frozen archway.
 37170 | Elf:2    | Identified the +1 buckler "Leel" {rPois Stlth+} (Okawaru
                  | gifted it to you on level 2 of the Elven Halls)
 37170 | Elf:2    | Received a gift from Okawaru
 37593 | Vaults:1 | Entered Level 1 of the Vaults
 37784 | Vaults:1 | Reached skill level 20 in Fighting
 38127 | Vaults:1 | Reached skill level 15 in Shields
 38179 | Vaults:1 | Found Qeutoph's Armour Shoppe.
 38390 | Vaults:1 | Reached XP level 20. HP: 175/193 MP: 17/20
 38413 | Vaults:1 | Received a gift from Okawaru
 38678 | Vaults:1 | Reached skill level 15 in Armour
 39127 | Vaults:2 | Identified the +0 plate armour of Supple Strength {Harm
                  | Will++ Regen+ Str-2} (Okawaru gifted it to you on level 2
                  | of the Vaults)
 39127 | Vaults:2 | Received a gift from Okawaru
 39145 | Vaults:2 | Found the +7 captain's cutlass {speed, disarm}
 39374 | Vaults:2 | Found a staircase to the Crypt.
 40066 | Vaults:3 | Noticed Jory
 40078 | Vaults:3 | Killed Jory
 40361 | Vaults:3 | Noticed a dread lich
 40372 | Vaults:3 | Killed a dread lich
 40373 | Vaults:3 | Reached skill level 15 in Dodging
 40616 | Vaults:3 | Reached skill level 21 in Fighting
 41097 | Vaults:3 | Found Acexulog's Armour Shop.
 41104 | Vaults:3 | Bought a scarf of resistance for 320 gold pieces
 41381 | Vaults:3 | You are sucked into a shaft and drop 1 floor!
 41670 | Vaults:4 | Received a gift from Okawaru
 41675 | Vaults:4 | Found Cegh's Distillery.
 41682 | Vaults:4 | Bought a potion of heal wounds for 60 gold pieces
 41682 | Vaults:4 | Bought a potion of curing for 36 gold pieces
 41682 | Vaults:4 | Bought a potion of heal wounds for 60 gold pieces
 41682 | Vaults:4 | Bought a potion of might for 48 gold pieces
 41682 | Vaults:4 | Bought a potion of might for 48 gold pieces
 41843 | Vaults:4 | Reached XP level 21. HP: 203/204 MP: 21/21
 41864 | Vaults:4 | Received a gift from Okawaru
 41891 | Vaults:4 | Found a runed translucent gate.
 41891 | Vaults:4 | Found a runed translucent gate.
 41892 | Vaults:4 | Found a runed translucent gate.
 41892 | Vaults:4 | Noticed Poyn's ghost (adept DEVM)
 42056 | Vaults:4 | Received a gift from Okawaru
 42119 | Vaults:4 | Identified the +6 pearl dragon scales of Stoicism {+Inv Fly
                  | rElec rN+} (Okawaru gifted it to you on level 4 of the
                  | Vaults)
 42119 | Vaults:4 | Received a gift from Okawaru
 42748 | Vaults:4 | Found an iron altar of Okawaru.
 42862 | Crypt:1  | Entered Level 1 of the Crypt
 42889 | Crypt:1  | Noticed Mennas
 42920 | Crypt:1  | Killed Mennas
 43010 | Crypt:1  | Noticed Saint Roka
 43034 | Crypt:1  | Killed Saint Roka
 43383 | Crypt:1  | Paralysed by a vampire knight for 4 turns
 43578 | Crypt:1  | Found an ancient bone altar of Kikubaaqudgha.
 43618 | Crypt:1  | Reached skill level 22 in Fighting
 43870 | Crypt:2  | Received a gift from Okawaru
 44308 | Crypt:3  | Entered Level 3 of the Crypt
 44454 | Crypt:3  | Found a staircase to the Tomb.
 44815 | Crypt:3  | Received a gift from Okawaru
 44818 | Crypt:3  | Noticed an ancient lich
 45066 | Crypt:3  | Killed an ancient lich
 45066 | Crypt:3  | Received a gift from Okawaru
 45067 | Crypt:3  | Reached XP level 22. HP: 216/216 MP: 22/22
 45331 | Crypt:3  | Found a basalt altar of Yredelemnul.
 45407 | Crypt:3  | Got Vehumet's Secrets of Bolts
 45805 | Crypt:3  | Paralysed by a vampire knight for 5 turns
 45816 | Crypt:3  | Reached skill level 23 in Fighting
 45975 | Tomb:1   | Entered Level 1 of the Tomb of the Ancients
 46207 | Tomb:1   | Received a gift from Okawaru
 46294 | Tomb:1   | Noticed a royal mummy
 46665 | D:12     | Killed Netaeli's ghost
 47174 | Snake:1  | Killed Douf's ghost
 47183 | Snake:1  | Killed Sagen's ghost
 47188 | Snake:1  | Killed Maud's ghost
 47189 | Snake:1  | Killed Dittersdorf's ghost
 47503 | Depths:1 | Entered Level 1 of the Depths
 47510 | Depths:1 | Received a gift from Okawaru
 47744 | Depths:1 | Identified the +3 great mace of Infinite Pain {flame,
                  | +Blink Dex+3}
 47958 | Depths:1 | Found a white marble altar of Elyvilon.
 48175 | Depths:1 | Found a gateway to Hell.
 48186 | Depths:1 | Received a gift from Okawaru
 48528 | Depths:2 | Found a one-way gate leading to the halls of Pandemonium.
 48723 | Depths:2 | Found Lucwuar's Weapon Boutique.
 48783 | Depths:2 | Received a gift from Okawaru
 49121 | Depths:2 | Received a gift from Okawaru
 49143 | Depths:3 | Reached XP level 23. HP: 223/227 MP: 23/23
 49228 | Depths:3 | Identified the +13 plate armour of the Eternal Void {rElec
                  | rPois Str+4} (Okawaru gifted it to you on level 3 of the
                  | Depths)
 49228 | Depths:3 | Received a gift from Okawaru
 49699 | Depths:3 | Found a burning altar of Makhleb.
 49851 | Depths:3 | Found a one-way gate to the infinite horrors of the Abyss.
 49949 | Depths:4 | Entered Level 4 of the Depths
 49975 | Depths:4 | Reached skill level 24 in Fighting
 50106 | Depths:4 | Noticed a caustic shrike
 50108 | Depths:4 | Noticed a caustic shrike
 50111 | Depths:4 | Noticed a caustic shrike
 50119 | Depths:4 | Killed a caustic shrike
 50123 | Depths:4 | Killed a caustic shrike
 50125 | Depths:4 | Killed a caustic shrike
 50294 | Depths:4 | Found Dilaem's Jewellery Shop.
 50294 | Depths:4 | Found Xeneid's Book Emporium.
 50295 | Depths:4 | Found Xiruycioc's Jewellery Shop.
 50518 | Depths:4 | Found a gate to the Realm of Zot.
 50534 | Depths:4 | Received a gift from Okawaru
 50722 | Depths:4 | Found a one-way gateway to a ziggurat.
 50732 | Depths:4 | Noticed a caustic shrike
 50737 | Depths:4 | Killed a caustic shrike
 50797 | Depths:4 | Noticed a caustic shrike
 50799 | Depths:4 | Noticed a caustic shrike
 50801 | Depths:4 | Noticed a caustic shrike
 50809 | Depths:4 | Killed a caustic shrike
 50812 | Depths:4 | Killed a caustic shrike
 50813 | Depths:4 | Killed a caustic shrike
 51007 | Depths:4 | Noticed a caustic shrike
 51014 | Depths:4 | Killed a caustic shrike
 51446 | Vaults:5 | Entered Level 5 of the Vaults
 51451 | Vaults:5 | Found Hoggu's Book Boutique.
 51525 | Vaults:5 | Received a gift from Okawaru
 51556 | Vaults:5 | Reached skill level 25 in Fighting
 51559 | Vaults:5 | Identified the +3 ring mail "Gecuwe" {Fly rElec Str-3}
                  | (Okawaru gifted it to you on level 5 of the Vaults)
 51559 | Vaults:5 | Received a gift from Okawaru
 51566 | Vaults:5 | Reached XP level 24. HP: 181/242 MP: 23/23
 51599 | Vaults:5 | Noticed an ancient lich
 51668 | Vaults:5 | Killed an ancient lich
 51727 | Vaults:5 | Paralysed by an ogre mage for 2 turns
 51888 | Vaults:5 | Identified the +9 mace "Wenaj" {protect, Will+ Int+3}
 51964 | Vaults:5 | Got the Vademecum on Malediction
 51979 | Vaults:5 | Got Plog's Writings on Mortification
 51985 | Vaults:5 | Identified the +9 short sword of Dithmenos's Regard {drain,
                  | Dex+3}
 52313 | Vaults:5 | Identified the ring of Borotoij {Fire *Corrode rPois Will-
                  | Dex+8}
 52335 | Vaults:5 | Identified the ring "Odujaf" {Ice Str-4 Int+8 SInv Stlth-}
 52458 | Vaults:5 | Got a silver rune of Zot
 52703 | Vaults:5 | Noticed a dread lich
 52714 | Vaults:5 | Killed a dread lich
 53245 | Tomb:1   | Killed a royal mummy
 53245 | Tomb:1   | Received a gift from Okawaru
 53511 | Tomb:1   | Noticed a royal mummy
 53521 | Tomb:1   | Killed a royal mummy
 53751 | Tomb:1   | Noticed a royal mummy
 53751 | Tomb:1   | Noticed a royal mummy
 53752 | Tomb:1   | Paralysed by a Zot trap for 3 turns
 53755 | Tomb:1   | Noticed a royal mummy
 53755 | Tomb:1   | Noticed a royal mummy
 53758 | Tomb:1   | Noticed a royal mummy
 55213 | Shoals:4 | Killed Xtruder99's ghost
 55319 | Slime:1  | Entered Level 1 of the Pits of Slime
 55360 | Slime:1  | Reached skill level 26 in Fighting
 55552 | Slime:1  | Identified the +8 battleaxe "Hylorut" {vamp, Drain rElec
                  | Int+4 Dex+6} (Okawaru gifted it to you on level 1 of the
                  | Pits of Slime)
 55552 | Slime:1  | Received a gift from Okawaru
 55601 | Slime:1  | Gained mutation: You occasionally lose the ability to drink
                  | potions when taking damage. [a shining eye]
 55604 | Slime:1  | Gained mutation: You sometimes lose the ability to drink
                  | potions when taking damage. [a shining eye]
 57076 | Slime:3  | Gained mutation: Your spells are a little easier to cast,
                  | but a little less powerful. [a shining eye]
 57419 | Slime:4  | Gained mutation: Armour fits poorly on your strangely
                  | shaped body. [a shining eye]
 57683 | Slime:3  | Gained mutation: You have hidden genetic potential. [a
                  | shining eye]
 57700 | Slime:3  | Gained mutation: You sometimes lose your temper in combat.
                  | [a shining eye]
 57748 | Slime:3  | Reached XP level 25. HP: 255/255 MP: 24/24
 58036 | Slime:5  | Entered Level 5 of the Pits of Slime
 58079 | Slime:5  | Identified the +4 broad axe of Vunopn {drain, rF+ Dex+2
                  | SInv} (Okawaru gifted it to you on level 5 of the Pits of
                  | Slime)
 58079 | Slime:5  | Received a gift from Okawaru
 58125 | Slime:5  | Found a viscous altar of Jiyva.
 58125 | Slime:5  | Noticed the Royal Jelly
 58134 | Slime:5  | Killed the Royal Jelly
 58376 | Slime:5  | Found the +15 Maxwell's patent armour {-Cast -Tele rElec
                  | Will+ rCorr}
 58389 | Slime:5  | Gained mutation: You are occasionally teleported next to
                  | monsters. [a shining eye]
 58482 | Slime:5  | Got the Vellum of Planar Hexes
 58731 | Slime:5  | Identified the +8 war axe of the Wheel {holy, Dex+3}
 58784 | Slime:5  | Got a slimy rune of Zot
 59189 | Snake:2  | Bought a scroll of teleportation for 48 gold pieces
 59189 | Snake:2  | Bought a scroll of blinking for 120 gold pieces
 59189 | Snake:2  | Bought a scroll of teleportation for 48 gold pieces
 59554 | Zot:1    | Entered Level 1 of the Realm of Zot
 59558 | Zot:1    | Noticed Grunn
 59567 | Zot:1    | Reached skill level 27 in Fighting
 59589 | Zot:1    | Killed Grunn
 59708 | Zot:1    | Received a gift from Okawaru
 59757 | Zot:1    | Identified the ring "Funaosuo" {rF+ Will+ Int-5 Dex+3}
 60120 | Zot:1    | Received a gift from Okawaru
 60133 | Zot:1    | Identified the +0 pair of gloves of Zin's Regard {rN+ Will+
                  | Str+2}
 60903 | Zot:2    | Identified the +1 robe of the Heavens {Str+2}
 61315 | Zot:2    | Noticed Vv
 61362 | Zot:3    | Noticed an orb of fire
 61363 | Zot:3    | Gained mutation: You are frail. (-10% HP) [an orb of fire]
 61437 | Zot:3    | Received a gift from Okawaru
 61565 | Zot:3    | Received a gift from Okawaru
 61676 | Zot:3    | Gained mutation: You occasionally lose the ability to read
                  | scrolls when taking damage. [an orb of fire]
 61678 | Zot:3    | Gained mutation: Your magical capacity is low. (-10% MP)
                  | [an orb of fire]
 61681 | Zot:3    | Gained mutation: You are very frail. (-20% HP) [an orb of
                  | fire]
 61686 | Zot:3    | Killed an orb of fire
 62052 | Zot:3    | Received a gift from Okawaru
 62592 | Zot:4    | Gained mutation: You passively map a small area around you.
                  | [hidden potential]
 62688 | Zot:4    | Received a gift from Okawaru
 62897 | Zot:4    | Reached XP level 26. HP: 212/212 MP: 22/22
 63390 | Zot:4    | Noticed a dread lich
 63403 | Zot:4    | Killed a dread lich
 63429 | Zot:4    | Acquired a manual of Evocations
 63570 | Zot:5    | Entered Level 5 of the Realm of Zot
 63723 | Zot:5    | Received a gift from Okawaru
 63831 | Zot:5    | Received a gift from Okawaru
 64003 | Zot:5    | Noticed an ancient lich
 64009 | Zot:5    | Killed an ancient lich
 64060 | Zot:5    | Noticed an orb of fire
 64061 | Zot:5    | Noticed an ancient lich
 64063 | Zot:5    | Gained mutation: You sometimes lose the ability to read
                  | scrolls when taking damage. [an orb of fire]
 64066 | Zot:5    | Noticed an ancient lich
 64066 | Zot:5    | Noticed an orb of fire
 64070 | Zot:5    | Noticed an orb of fire
 64075 | Zot:5    | Noticed a dread lich
 64077 | Zot:5    | Gained mutation: You occasionally shout uncontrollably at
                  | your foes. [an orb of fire]
 64089 | Zot:5    | Noticed an orb of fire
 64096 | Zot:5    | HP: 7/212 [electric golem (5)]
 64097 | Zot:5    | HP: 2/212 [orb of fire/bolt of fire (7)]
 64098 | Zot:5    | Received a gift from Okawaru
 64098 | Zot:5    | Slain by a death cob

Illustrated notes

Levels and vault maps discovered:
D:1:      psy_arrival_radial01, layout_basic
D:2:      layout_basic, minmay_tromino_v7
D:3:      minmay_spotlight, layout_loops_ring,
          shapermc_ecumenical_altar_mp_highgroup, kennysheep_generic_room_8,
          uniq_jessica
D:4:      layout_cave_pools, tgw_sif, amcnicky_mini_pool_small,
          minmay_checkerbox
D:5:      layout_layer_cave, minmay_temple_entry_wispy, serial_glass,
          glass_columns_b, glass_columns_a, nrook_pool_corridor, uniq_edmund
D:6:      layout_cave_pools, serial_bayou_pond_c
D:7:      layout_loops_ring, fedhas_altar_2, chequers_hall_statues_corner_a,
          serial_bayou_pond_c
D:8:      layout_basic, serial_shops, nicolae_shop_hallway_plus, st_stairs_13,
          minmay_shop_enchanted_jewellery, chequers_serial_rivers_room_a,
          uniq_erica
D:9:      layout_loops_ring, grunt_temple_overflow_open, david_lair_shrubbed,
          grunt_decor_cap, hangedman_decor_diamond_cutter
D:10:     layout_roguey, tso_oasis_becter, minmay_orc_entry_temple_small,
          chequers_decorated_corner, uniq_josephine
D:11:     layout_irregular_city, enter_trove_2, nicolae_figureground_pulse,
          uniq_fannar
D:12:     layout_irregular_city, gammafunk_ghost_hydra_chop,
          nicolae_diode_quadrants, uniq_nergalle
D:13:     layout_rooms, uniq_azrael
D:14:     layout_big_octagon, david_vaults_5, nemelex_xobeh_ov_fountains_minmay,
          serial_shops, bzr_entry_gold, patterned_corridor, uniq_snorg
D:15:     gammafunk_depths_entry_grave, layout_loops_corners, uniq_nessos,
          uniq_rupert
Temple:   regret_index_temple_waves
Lair:1:   layout_long_grid, enter_volcano_1, minivault_11, grunt_megastairs_2
Lair:2:   layout_regular_city, nicolae_lair_lindhole
Lair:3:   layout_regular_city, minmay_shoals_entry_centaurs,
          minmay_snake_entry_six_corridors, infiniplex_staircase_pool
Lair:4:   layout_concentric_octagons, slime_entry_1,
          grunt_forest_large_clearing_hut, uniq_sonja
Lair:5:   grunt_lair_end_beastmaster, layout_gridlike
Shoals:1: layout_shoals, nicolae_shop_overcharged_wands
Shoals:2: layout_shoals, nicolae_shoals_spectral_cove
Shoals:3: dreamdust_from_the_deep, layout_shoals, nicolae_take_the_stairs
Shoals:4: shoals_end_grunt_ice, layout_shoals, ebering_ghost_disaster_area,
          lemuel_oklob_altar
Snake:1:  layout_cave_shapes, gammafunk_ghost_cemetery, corexii_hall_statues_u,
          serial_bayou_pond_a, nicolae_triple_integral
Snake:2:  layout_layer_cave, serial_shops, nicolae_shop_behind_doors,
          grunt_megastairs_5
Snake:3:  layout_grid_shapes
Snake:4:  grunt_snake_rune_pools, layout_cave_town, serial_shops, shop,
          serial_bayou_shore_a
Slime:1:  nicolae_slime_pool, layout_caves
Slime:2:  layout_caves
Slime:3:  layout_caves, cheibrodos_slime_lost_civilization_5
Slime:4:  layout_caves
Slime:5
Orc:1:    layout_caves, elf_legates, uniq_gastronok, uniq_harold
Orc:2:    grunt_orc_tribal_feast, layout_diamond_mine
Elf:1:    minmay_the_grid_triangle_9x9_rhombus_full_mashed
          [minmay_the_grid_triangle_9x9_steps,
          minmay_the_grid_triangle_9x9_descending_squares,
          minmay_the_grid_triangle_9x9_semitri,
          minmay_the_grid_triangle_9x9_negative_grid,
          minmay_the_grid_triangle_9x9_sparse_checkered,
          minmay_the_grid_triangle_9x9_skeleton,
          minmay_the_grid_triangle_9x9_sprig,
          minmay_the_grid_triangle_9x9_prize_special], layout_gridlike,
          hangedman_elf_represent, einodemon_armed_red_devil_minivault,
          uniq_frances
Elf:2:    nicolae_elf_blades_splatter_lattice [nicolae_blade_little_rooms],
          layout_onion_city, portal_ice_cave_entry_ice_simulacra, serial_shops,
          nicolae_shop_trees
Vaults:1: vaults_dpeg_hooks, nicolae_vaults_network_quincunx
          [nicolae_vaults_network_quincunx_subvault,
          nicolae_vaults_network_quincunx_subvault,
          nicolae_vaults_network_quincunx_subvault,
          nicolae_vaults_network_quincunx_subvault,
          nicolae_vaults_network_quincunx_subvault],
          nicolae_vaults_little_squares_4, v_pattern_5, nicolae_vaults_theta,
          vaults_room_grunt_arrival_ludios, serial_ice_m, vaults_mumra_hexcomb,
          vaults_room_octagon, ontoclasm_vaults_ring_square,
          nicolae_vaults_halls_meeting, vaults_room_corners,
          vaults_dpeg_encased_lava, v_misc_33, v_alt_pattern_4,
          grunt_vaults_diagonal, v_misc_17, ontoclasm_vaults_pinch,
          layout_vaults_maze, serial_shops, nicolae_shop_stone
Vaults:2: vaults_dpeg_diagonal, nicolae_vaults_alarming,
          minmay_crypt_entry_simple_corners, nicolae_vaults_hallways_thing,
          nicolae_vaults_statue_guard, nicolae_vaults_little_squares_1,
          ontoclasm_vaults_gateway, nicolae_vaults_little_ls, v_misc_5,
          layout_vaults_quadrants
Vaults:3: nicolae_vaults_fighting_squares, ontoclasm_vaults_ring_large,
          v_alt_pattern_1, vaults_mumra_minichess, v_misc_33,
          hangedman_vaults_cutoff, nicolae_vaults_circle_grid_b,
          vaults_dpeg_cross, v_misc_8, serial_ice_b,
          nicolae_vaults_network_square, v_misc_22,
          nicolae_vaults_border_crossing, nicolae_vaults_asterisk,
          layout_vaults_omnicross, serial_shops, nicolae_lakefront_shop,
          uniq_jory
Vaults:4: gammafunk_ghost_fury_of_okawaru, nicolae_vaults_asterisk,
          st_spiral_rooms, hangedman_vaults_hat,
          nicolae_vaults_yaktaur_gun_rack, hangedman_vaults_impose,
          nicolae_vaults_specimen_jars, hangedman_vaults_corner_blocks,
          vaults_standard_mumra_enter_the_diamond, nicolae_vaults_circle_grid_a,
          grunt_vaults_hallway_short, layout_vaults_big_room, serial_shops, shop
Vaults:5
Crypt:1:  layout_regular_city, basic_altar, amcnicky_mini_corridor_feature,
          minivault_26, grunt_crypt_arrival_guarded_gate, uniq_mennas,
          uniq_saint_roka
Crypt:2:  layout_rooms
Crypt:3:  church_of_pain_bobbens, layout_chaotic_city, grunt_ministairs_8,
          nicolae_crypt_twisting_catacombs, nicolae_crypt_niches
Tomb:1
Depths:1: layout_long_grid, nicolae_elyvilon_temple_path,
          pf_dread_powers_of_hell, nicolae_titane
Depths:2: nzn_winding_woodlands_huge [nzn_winding_woodlands_5x15_sawtooth,
          nzn_winding_woodlands_5x15_sidewinder,
          nzn_winding_woodlands_5x15_pool, nzn_winding_woodlands_5x15_cabin,
          nzn_winding_woodlands_5x15_garden, nzn_winding_woodlands_5x15_jagged,
          nzn_winding_woodlands_5x15_concentric, nzn_winding_woodlands_5x15_eye,
          nzn_winding_woodlands_5x15_river_crossing,
          nzn_winding_woodlands_5x15_twine,
          nzn_winding_woodlands_center_triple_pond,
          nzn_winding_woodlands_center_pierced_h,
          nzn_winding_woodlands_15x15_five_gardens], layout_gridlike,
          hell_entry, hangedman_decor_points, serial_shops,
          nicolae_inconvenience_store, grunt_pan_entry_spiral
Depths:3: impenetrable_vault, layout_cave_pools, infiniplex_staircase_door_maze,
          minmay_room_of_horrors, hell_entry, makhleb_altar_promises_db
Depths:4: grunt_zot_entry_tricorne, layout_honeycomb, enter_ziggurat_d,
          serial_sigils_hangedman_snap, hell_entry, minmay_shop_grove
Zot:1:    layout_onion, uniq_grunn
Zot:2:    layout_gridlike, uniq_vv
Zot:3:    layout_twisted_circle, st_stairs_14
Zot:4:    layout_onion_interference, lemuel_lich_library
Zot:5:    layout_twisted_circle

Skill      XL: |  1  2  3  4  5  6  7  8  9 10 11 12 13 14 15 16 17 18 19 20 21 22 23 24 25 26 |
---------------+-------------------------------------------------------------------------------+-----
Axes           | 4 5 6 7 8 10 11 12 13 15 16 17 18 19 20 21 22 23 24 | 24.5
Fighting       | 3 4 5 6 7 8 9 11 12 14 15 16 17 18 19 20 21 22 23 25 26 27 | 27.0
Armour         | 1 2 4 5 7 8 9 10 11 12 13 14 15 16 17 18 | 18.4
Dodging        | 4 6 8 10 12 13 14 15 16 17 18 19 20 | 20.8
Throwing       | 3 4 5 7 8 9 11 13 14 15 16 17 18 19 20 21 22 23 | 23.1
Shields        | 1 2 3 4 6 7 8 9 11 12 14 15 17 18 19 21 24 | 24.5
Stealth        | 1 2 |  2.0
Invocations    | 1 2 3 |  3.4
Evocations     | |  0.5

Action                   |  1- 3 |  4- 6 |  7- 9 | 10-12 | 13-15 | 16-18 | 19-21 | 22-24 | 25-27 || total
-------------------------+-------+-------+-------+-------+-------+-------+-------+-------+-------++-------
Melee: War axe           |    86 |   102 |   249 |   265 |    20 |       |       |       |       ||   722
       Headbutt          |    12 |    17 |    55 |    67 |   137 |   173 |   244 |   511 |   243 ||  1459
       Punch             |       |     1 |       |       |       |       |       |       |       ||     1
       Broad axe         |       |       |       |       |   473 |   697 |   815 |  1369 |   574 ||  3928
Throw: Stone             |     5 |    37 |    16 |       |    44 |    29 |    35 |   209 |    27 ||   402
       Javelin           |     2 |     1 |    21 |    72 |    88 |   121 |   334 |   132 |    79 ||   850
       Boomerang         |       |    14 |    42 |   113 |   168 |   393 |   253 |     9 |    65 ||  1057
       Dart              |       |       |    32 |   104 |   195 |   162 |    31 |    80 |    63 ||   667
       Throwing net      |       |       |     1 |       |     1 |       |       |       |       ||     2
Invok: Heroism           |       |       |       |     5 |    10 |    13 |    14 |    22 |    12 ||    76
       Finesse           |       |       |       |       |       |     2 |     1 |     2 |     1 ||     6
Evoke: Wand              |       |       |       |       |       |     9 |       |       |       ||     9
  Use: Scroll            |     1 |     8 |     8 |    11 |     6 |     8 |     6 |    19 |     2 ||    69
       Potion            |       |     1 |     3 |     6 |     2 |     5 |     4 |     9 |     1 ||    31
 Stab: Distracted        |     1 |       |       |       |       |       |       |     1 |       ||     2
       Invisible         |       |       |       |       |       |       |       |     5 |     4 ||     9
       Confused          |       |       |       |       |       |       |       |     2 |     2 ||     4
Armor: Leather armour    |    28 |    15 |       |       |       |       |       |       |       ||    43
       Chain mail        |       |    35 |   119 |       |       |       |       |       |       ||   154
       Plate armour      |       |       |       |   151 |   258 |   159 |       |       |       ||   568
       Crystal plate arm |       |       |       |       |       |   257 |   227 |   453 |   196 ||  1133
Dodge: Dodged            |   102 |    58 |    83 |    78 |   172 |   295 |   203 |   443 |   261 ||  1695
Block: Buckler           |       |     3 |    82 |   131 |   225 |    62 |       |       |       ||   503
       Reflection        |       |       |     5 |    11 |    23 |   146 |    57 |    29 |    12 ||   283
       Kite shield       |       |       |       |       |       |   770 |   717 |  1428 |   611 ||  3526
       Tower shield      |       |       |       |       |       |    85 |       |       |       ||    85

Table legend: (Time is in decaauts)
 A = Elapsed time spent in this place.
 B = Non-inter-level travel time spent in this place.
 C = Inter-level travel time spent in this place.
 D = Time resting spent in this place.
 E = Time spent auto-exploring this place.
 F = Levels seen in this place.
 G = Mean time per level.
                   A        B        C        D        E       F      G
               +--------+--------+--------+--------+--------+-----+--------+
         Total |  63470 |  57655 |   5815 |   8862 |  36580 |  57 | 1113.5 |
       Dungeon |  16932 |  14675 |   2257 |   2337 |   9821 |  15 | 1128.8 |
        Temple |    195 |    156 |     39 |      0 |    135 |   1 |  195.0 |
          Lair |   7096 |   6208 |    888 |   1665 |   3609 |   5 | 1419.2 |
        Shoals |   4976 |   4530 |    446 |    156 |   3149 |   4 | 1244.0 |
     Snake Pit |   6556 |   6238 |    318 |   1678 |   3500 |   4 | 1639.0 |
    Slime Pits |   3739 |   3626 |    113 |    556 |   2152 |   5 |  747.8 |
  Orcish Mines |   1906 |   1685 |    221 |    400 |    890 |   2 |  953.0 |
   Elven Halls |   2553 |   2390 |    163 |    274 |   1506 |   2 | 1276.5 |
        Vaults |   6720 |   6173 |    547 |    165 |   4603 |   5 | 1344.0 |
         Crypt |   3279 |   3025 |    254 |    343 |   1774 |   3 | 1093.0 |
          Tomb |   1278 |   1135 |    143 |    312 |    548 |   1 | 1278.0 |
        Depths |   3684 |   3371 |    313 |    164 |   2307 |   4 |  921.0 |
           Zot |   4465 |   4358 |    107 |    796 |   2558 |   5 |  893.0 |
       Volcano |     87 |     87 |      0 |     13 |     26 |   1 |   87.0 |
               +--------+--------+--------+--------+--------+-----+--------+

Top non-repeatable levels by time:
 Snake:2: 2366 daAuts
  Lair:5: 1924 daAuts
 Crypt:3: 1697 daAuts
  Lair:3: 1671 daAuts
     D:9: 1655 daAuts
 Snake:1: 1605 daAuts
Shoals:4: 1595 daAuts
 Snake:4: 1586 daAuts
Vaults:3: 1574 daAuts
   Elf:1: 1442 daAuts
Shoals:2: 1413 daAuts
Vaults:2: 1411 daAuts
  Lair:2: 1396 daAuts
     D:5: 1332 daAuts
Vaults:5: 1323 daAuts
